 Dungeon Crawl Stone Soup version 0.31-a0-986-g5e6e4ef867 (webtiles) character file.

Game seed: 4888907171382385010

501 lessens the Ducker (level 7, -3/56 HPs)
             Began as a Gnoll Gladiator on Nov 9, 2023.
             Was an Initiate of Nemelex Xobeh.
             Slain by a gnoll
             ... wielding a +0 flail
             ... led by a gnoll bouda
              (7 damage)
             ... on level 5 of the Dungeon.
             The game lasted 00:03:59 (4429 turns).

lessens the Ducker (Gnoll Gladiator)                Turns: 4429, Time: 00:04:00

Health: -3/56      AC:  4    Str: 15    XL:     7   Next: 17%
Magic:  10/10      EV: 12    Int:  7    God:    Nemelex Xobeh [......]
Gold:   170        SH:  5    Dex: 14    Spells: 10/10 levels left

rFire   . . .        a - +0 war axe
rCold   . . .        (no shield)
rNeg    . . .        q - +0 scale mail
rPois   .            c - +0 helmet
rElec   .            (no cloak)
rCorr   .            l - +0 pair of gloves
SInv    .            (no boots)
Will    .....        g - amulet of reflection
Stlth   +            (no ring)
HPRegen 0.29/turn    (no ring)
MPRegen 0.12/turn

%: reflection
@: corroded
A: fangs 1, strong nose, distributed training, mutation resistance 1, subdued
magic 1
a: Renounce Religion, Draw Escape, Draw Destruction, Draw Summoning


You were on level 5 of the Dungeon.
You worshipped Nemelex Xobeh.
Nemelex Xobeh was noncommittal.
You visited 1 branch of the dungeon, and saw 5 of its levels.

You collected 170 gold pieces.

Inventory:

Hand Weapons
 a - a +0 war axe (weapon)
Missiles
 d - 3 throwing nets
 e - a javelin
 f - 33 stones
 k - 2 boomerangs
Armour
 b - a +0 leather armour
 c - a +0 helmet (worn)
 l - a +0 pair of gloves (worn)
 q - a +0 scale mail (worn)
Jewellery
 g - an amulet of reflection (around neck)
Wands
 r - a wand of iceblast (7)
 w - a wand of polymorph (9)
Scrolls
 i - 7 scrolls of identify {unknown}
 m - 2 scrolls of revelation {unknown}
 n - 3 scrolls of fear {unknown}
 s - a scroll of teleportation {unknown}
 u - a scroll of brand weapon {unknown}
 v - a scroll of enchant weapon {unknown}
Potions
 h - a potion of haste
 o - 2 potions of heal wounds {unknown}
 p - 2 potions of ambrosia
 t - a potion of curing


   Skills:
 + Level 5.2 Fighting
 + Level 2.3 Short Blades
 + Level 2.3 Long Blades
 + Level 7.0 Axes
 + Level 2.3 Maces & Flails
 + Level 2.3 Polearms
 + Level 2.3 Staves
 + Level 2.3 Ranged Weapons
 + Level 5.2 Throwing
 + Level 2.3 Armour
 + Level 7.0 Dodging
 + Level 2.3 Stealth
 + Level 2.3 Shields
 + Level 2.3 Unarmed Combat
 + Level 2.3 Spellcasting
 + Level 1.9 Conjurations
 + Level 1.9 Hexes
 + Level 1.9 Summonings
 + Level 1.9 Necromancy
 + Level 1.9 Translocations
 + Level 1.9 Transmutations
 + Level 1.9 Fire Magic
 + Level 1.9 Ice Magic
 + Level 1.9 Air Magic
 + Level 1.9 Earth Magic
 + Level 1.9 Poison Magic
 + Level 2.6 Invocations
 + Level 2.3 Evocations
 + Level 2.1 Shapeshifting


You had 10 spell levels left.
You didn't know any spells.
Your spell library contained the following spells:

 Spells                   Type           Power      Damage    Failure   Level
 Summon Small Mammal      Summ           8%         N/A       50%         1
 Call Canine Familiar     Summ           2%         N/A       86%         3
 Summon Guardian Golem    Hex/Summ       2%         N/A       86%         3


Dungeon Overview and Level Annotations

Branches:
Dungeon (5/15) Zot: 25537
 Temple: D:4-7

Altars:
Nemelex Xobeh
Sif Muna

Shops:
D:3 *

Annotations:
D:5 Edmund


Innate Abilities, Weirdness & Mutations

You have very sharp teeth.
Your uncanny sense of smell can sniff out nearby items.
Your experience applies equally to all skills.
You are somewhat resistant to further mutation.
Your spells are a little easier to cast, but a little less powerful.


Message History

You hit Edmund but do no damage.
Edmund is heavily wounded.
You hit the jelly.
Your hands burn!
The jelly closely misses you. Edmund closely misses you.
You hit Edmund but do no damage.
Edmund is severely wounded.
You hit the jelly.
Your hands burn!
The jelly misses you.
A gnoll bouda comes into view. It is wielding a +0 club.
Edmund hits you with a +2 flail of protection.
You hit Edmund but do no damage.
Edmund is severely wounded.
You slash the jelly! The acid corrodes you!
Your hands burn!
The jelly barely misses you. Edmund closely misses you.
You hit Edmund but do no damage.
Edmund is severely wounded.
You hit the jelly but do no damage.
Your hands burn!
The gnoll bouda barks out a call to the hunt!
The jelly hits you.
You are splashed with acid.
You hear a shout!
You barely miss Edmund.
Edmund is severely wounded.
You completely miss the jelly. The jelly closely misses you.
Edmund hits you with a +2 flail of protection!
* * * LOW HITPOINT WARNING * * *
The gnoll bouda gazes fiercely through you!
You feel your attacks grow feeble. You block the jelly's attack.
A gnoll comes into view. It is wielding a +0 whip.
A phantom and a gnoll come into view.
The gnoll closely misses you. The jelly hits you but does no damage.
A scorpion comes into view.
The gnoll hits you with a +0 flail!
* * * LOW HITPOINT WARNING * * *
Edmund looks rather jealous.
The jelly jiggles.
Your attacks no longer feel as feeble.
The gnoll bouda barks out a call to the hunt!
The gnoll picks up the pace!
The gnoll attacks as it pursues you! The gnoll hits you with a +0 flail!
You die...
Your body disappears without a glow.

########
#......#######
#<...........#
#............#
#..@.........#
#..g.........#
###..@.......#
#gJ....####
#..g.(.#
#W####.... #s#
....# .g. ...#
... ...#


You could see Edmund (poisoned, slow), a phantom, a gnoll bouda, a scorpion, a
jelly and 3 gnolls.

Vanquished Creatures
  A black bear (D:4)
  A kobold brigand (D:3)
  2 scorpions (D:4)
  A howler monkey (D:4)
  2 hounds (D:4)
  Ijyb (D:3)
  An iguana (D:4)
  4 adders
  9 orcs
  10 endoplasms
  4 giant cockroaches
  11 goblins
  3 hobgoblins
  A quokka (D:3)
  8 ball pythons
  3 bats
  3 frilled lizards (D:1)
  6 kobolds
  21 rats
92 creatures vanquished.

Notes
Turn   | Place    | Note
-------+----------+-------------------------------------------
     0 | D:1      | lessens the Gnoll Gladiator began the quest for the Orb.
     0 | D:1      | Reached XP level 1. HP: 20/20 MP: 1/1
   244 | D:1      | Reached XP level 2. HP: 8/26 MP: 2/2
  1331 | D:2      | Reached XP level 3. HP: 31/31 MP: 3/3
  2304 | D:2      | Reached skill level 1 in Invocations
  2347 | D:3      | Noticed a kobold brigand
  2350 | D:3      | Found a faded altar of an unknown god.
  2353 | D:3      | Reached skill level 1 in Short Blades
  2353 | D:3      | Reached skill level 1 in Long Blades
  2353 | D:3      | Reached skill level 1 in Maces & Flails
  2353 | D:3      | Reached skill level 1 in Polearms
  2353 | D:3      | Reached skill level 1 in Staves
  2353 | D:3      | Reached skill level 1 in Ranged Weapons
  2353 | D:3      | Reached skill level 1 in Armour
  2353 | D:3      | Reached skill level 1 in Stealth
  2353 | D:3      | Reached skill level 1 in Shields
  2353 | D:3      | Reached skill level 1 in Unarmed Combat
  2353 | D:3      | Reached skill level 1 in Spellcasting
  2353 | D:3      | Reached skill level 1 in Evocations
  2357 | D:3      | Gained mutation: You are somewhat resistant to further
                  | mutation. [potion of mutation]
  2357 | D:3      | Gained mutation: Your spells are a little easier to cast,
                  | but a little less powerful. [potion of mutation]
  2360 | D:3      | Killed a kobold brigand
  2361 | D:3      | Reached skill level 1 in Shapeshifting
  2361 | D:3      | Reached XP level 4. HP: 28/38 MP: 5/5
  2474 | D:3      | Found Zistium's Assorted Antiques.
  2601 | D:3      | Found a shimmering blue altar of Sif Muna.
  2660 | D:3      | Reached skill level 1 in Conjurations
  2660 | D:3      | Reached skill level 1 in Hexes
  2660 | D:3      | Reached skill level 1 in Summonings
  2660 | D:3      | Reached skill level 1 in Necromancy
  2660 | D:3      | Reached skill level 1 in Translocations
  2660 | D:3      | Reached skill level 1 in Transmutations
  2660 | D:3      | Reached skill level 1 in Fire Magic
  2660 | D:3      | Reached skill level 1 in Ice Magic
  2660 | D:3      | Reached skill level 1 in Air Magic
  2660 | D:3      | Reached skill level 1 in Earth Magic
  2660 | D:3      | Reached skill level 1 in Poison Magic
  2859 | D:3      | Found a sparkling altar of Nemelex Xobeh.
  2862 | D:3      | Noticed Ijyb
  3088 | D:3      | Killed Ijyb
  3089 | D:3      | Reached XP level 5. HP: 26/43 MP: 5/7
  3103 | D:3      | Became a worshipper of Nemelex Xobeh the Trickster
  3720 | D:4      | Reached XP level 6. HP: 46/50 MP: 8/8
  3959 | D:4      | Noticed a black bear
  3963 | D:4      | Killed a black bear
  3964 | D:4      | Reached skill level 5 in Fighting
  3964 | D:4      | Reached skill level 5 in Throwing
  4112 | D:4      | Reached XP level 7. HP: 46/56 MP: 10/10
  4410 | D:5      | Entered Level 5 of the Dungeon
  4413 | D:5      | Noticed Edmund
  4429 | D:5      | Slain by a gnoll

Illustrated notes

Levels and vault maps discovered:
D:1:      dpeg_arrival_short_road, layout_basic, patterned_corridor
D:2:      mumra_celtic_spiral_tile, layout_basic
D:3:      layout_basic, mainiacjoe_overflow_paths,
          nicolae_overflow_crystal_walls, basic_ecumenical_altar, serial_shops,
          nicolae_shop_waterfront, minmay_rat_hole, uniq_ijyb
D:4:      layout_basic, chequers_serial_rivers_small_b
D:5:      layout_basic, uniq_edmund

Skill      XL: |  1  2  3  4  5  6 |
---------------+-------------------+-----
Invocations    | 1 2 |  2.6
Short Blades   | 1 2 |  2.3
Long Blades    | 1 2 |  2.3
Maces & Flails | 1 2 |  2.3
Polearms       | 1 2 |  2.3
Staves         | 1 2 |  2.3
Ranged Weapons | 1 2 |  2.3
Armour         | 1 2 |  2.3
Stealth        | 1 2 |  2.3
Shields        | 1 2 |  2.3
Unarmed Combat | 1 2 |  2.3
Spellcasting   | 1 2 |  2.3
Evocations     | 1 2 |  2.3
Shapeshifting  | 1 2 |  2.1
Conjurations   | 1 |  1.9
Hexes          | 1 |  1.9
Summonings     | 1 |  1.9
Necromancy     | 1 |  1.9
Translocations | 1 |  1.9
Transmutations | 1 |  1.9
Fire Magic     | 1 |  1.9
Ice Magic      | 1 |  1.9
Air Magic      | 1 |  1.9
Earth Magic    | 1 |  1.9
Poison Magic   | 1 |  1.9
Fighting       | 5 |  5.2
Throwing       | 5 |  5.2
Axes           | 7 |  7.0
Dodging        | 7 |  7.0

Action                     |  1- 3 |  4- 6 |  7- 9 || total
---------------------------+-------+-------+-------++-------
  Melee: War axe           |    90 |   132 |    21 ||   243
         Bite              |     3 |    12 |     1 ||    16
         Punch             |       |     3 |     1 ||     4
  Throw: Boomerang         |       |     5 |       ||     5
         Dart              |       |     1 |     1 ||     2
    Use: Potion            |     5 |       |       ||     5
   Stab: Sleeping          |     1 |       |       ||     1
 Armour: Leather armour    |    26 |       |       ||    26
         Scale mail        |     9 |    63 |    18 ||    90
  Dodge: Dodged            |    40 |    51 |    12 ||   103
  Block: Other             |    20 |    28 |     4 ||    52
         Reflection        |     3 |       |       ||     3

Table legend: (Time is in decaauts)
 A = Elapsed time spent in this place.
 B = Non-inter-level travel time spent in this place.
 C = Inter-level travel time spent in this place.
 D = Time resting spent in this place.
 E = Time spent auto-exploring this place.
 F = Levels seen in this place.
 G = Mean time per level.
                   A        B        C        D        E       F      G
               +--------+--------+--------+--------+--------+-----+--------+
         Total |   4462 |   4378 |     84 |      0 |   3733 |   5 |  892.4 |
       Dungeon |   4462 |   4378 |     84 |      0 |   3733 |   5 |  892.4 |
               +--------+--------+--------+--------+--------+-----+--------+

Top non-repeatable levels by time:
     D:1: 1317 daAuts
     D:4: 1115 daAuts
     D:2: 1037 daAuts
     D:3: 970 daAuts
     D:5: 19 daAuts

Levels and vault maps discovered:
D:1:      dpeg_arrival_short_road, layout_basic, patterned_corridor
D:2:      mumra_celtic_spiral_tile, layout_basic
D:3:      layout_basic, mainiacjoe_overflow_paths,
          nicolae_overflow_crystal_walls, basic_ecumenical_altar, serial_shops,
          nicolae_shop_waterfront, minmay_rat_hole, uniq_ijyb
D:4:      layout_basic, chequers_serial_rivers_small_b
D:5:      layout_basic, uniq_edmund
